 Dungeon Crawl Stone Soup version 0.32-a0-953-g508020473e (webtiles) character file.

Game seed: 16726178379792895196

43 jasper the Trooper (level 3, -3/30 HPs)
             Began as a Djinni Fighter on Apr 16, 2024.
             Was a Follower of Okawaru.
             Slain by Sigmund
             ... wielding a +0 scythe
              (7 damage)
             ... on level 2 of the Dungeon.
             The game lasted 00:02:31 (945 turns).

jasper the Trooper (Djinni Fighter)                  Turns: 945, Time: 00:02:31

Health: -3/30      AC:  6    Str: 15    XL:     3   Next: 82%
Gold:   58         EV:  7    Int: 11    God:    Okawaru [*.....] SH:  4 Dex: 12

rFire   + +          .
                       - Unarmed
rCold   x . .        b - +0 buckler
rNeg    . . .        a - +0 scale mail
rPois   ∞            (no helmet)
rElec   .            (no cloak)
rCorr   .            (no gloves)
SInv    .            (boots unavailable)
Will    .....        (no amulet) Stlth
                     (no ring)
HPRegen 0.25/turn    (no ring)

%: infuse magic (-4 HP)
@: mighty, flying
A: sickness immunity, fire resistance 2, cold vulnerability 1, float, innate
caster, HP casting, extra vitality 1
a: Renounce Religion, Heroism


You were on level 2 of the Dungeon.
You worshipped Okawaru.
Okawaru was aware of your devotion.
You visited 1 branch of the dungeon, and saw 2 of its levels.

You collected 58 gold pieces.

Inventory:

Armour
 a - a +0 scale mail (worn)
 b - a +0 buckler (worn)
Jewellery
 d - a +6 ring of dexterity
Talismans
 e - a dragon-blood talisman
Scrolls
 f - a scroll of identify {unknown}
Potions
 g - 2 potions of enlightenment {unknown}
 h - a potion of ambrosia {unknown}


   Skills:
 + Level 3.4 Fighting
 - Level 3.0 Armour
 + Level 3.4 Shields
 * Level 3.0 Unarmed Combat


You knew the following spells:

 Your Spells              Type           Power      Damage    Failure   Level
a - Summon Small Mammal   Summ           0%         N/A       87%         1
Your spell library was empty.

Dungeon Overview and Level Annotations

Branches:
Dungeon (2/15)

Altars:
Okawaru

Annotations:
D:2 Sigmund


Innate Abilities, Weirdness & Mutations

You are immune to sickness and miasma.
You are immune to poison.
Your flesh is very heat resistant. (rF++)
You are vulnerable to cold. (rC-)
You float through the air rather than walking.
You learn spells naturally, not from books.
Your magical power is your life essence.
You have superior vitality. (+4 MHP)


Message History

The bat attacks as it pursues you! The bat barely misses you.
The bat closely misses you.
The kobold throws a stone.
The stone barely misses you.
Sigmund casts a spell.
Sigmund flickers and vanishes!
Deactivating autopickup; reactivate with Ctrl-A.
The goblin attacks as it pursues you! The goblin hits you but does no damage.
The goblin attacks as it pursues you! The goblin hits you but does no damage.
The goblin attacks as it pursues you! The goblin hits you with a +0 dagger.
You take 3 damage, and have 27/30 hp.
You miss the goblin. The goblin hits you but does no damage.
You feel very mighty all of a sudden. The goblin barely misses you.
You punch the goblin!
You kill the goblin!
Okawaru accepts your kill. You block the bat's attack.
You punch the bat!
You kill the bat!
Okawaru accepts your kill.
You punch the kobold!
You kill the kobold!
Okawaru accepts your kill. Something hits you.
You take 6 damage, and have 22/30 hp.
A ball python comes into view.
Items here: ( )) †.
You barely miss something.
The ball python hisses angrily.
Something hits you!
You take 10 damage, and have 12/30 hp.
MASSIVE DAMAGE!!
You barely miss something. Something hits you.
* * * LOW HITPOINT WARNING * * *
You take 3 damage, and have 9/30 hp.
You miss something. You punch something! Something hits you.
* * * LOW HITPOINT WARNING * * *
You take 5 damage, and have 4/30 hp.
You barely miss something. Something hits you!
You die...

#.........# ..... #
#.........# ......$
..####....[....# .......
..............# .......
#............## ......K##
###............ ........##
#..........###
.........######...†.......
.........S.@....#.........
........####....#.........
..............#...........
..........##....#.........
##..............#.........
...##########...##.......#
.# #...#.........
#...#>......<. #...#


You could see a ball python.

Vanquished Creatures
  An adder (D:2)
  4 bats
  An endoplasm (D:1)
  5 giant cockroaches (D:1)
  3 goblins
  2 hobgoblins (D:1)
  A kobold (D:2)
  2 quokkas (D:1)
  6 ball pythons
  2 frilled lizards (D:1)
  4 rats (D:1)
31 creatures vanquished.

Notes
Turn   | Place    | Note
-------+----------+-------------------------------------------
     0 | D:1      | jasper the Djinni Fighter began the quest for the Orb.
     0 | D:1      | Reached XP level 1. HP: 20/20 MP: 0/0
    62 | D:1      | Found a faded altar of an unknown god.
   171 | D:1      | Prayed at the altar of an unknown god.
   171 | D:1      | Became a worshipper of Warmaster Okawaru
   171 | D:1      | Reached * piety under Okawaru
   266 | D:1      | Reached XP level 2. HP: 22/25 MP: 0/0
   802 | D:1      | Reached XP level 3. HP: 30/30 MP: 0/0
   802 | D:1      | Learned a level 1 spell: Summon Small Mammal
   929 | D:2      | Noticed Sigmund
   945 | D:2      | Slain by Sigmund

Illustrated notes

Levels and vault maps discovered:
D:1:      erik_arrival_blinker_ship, layout_basic,
          ebering_ecumenical_altar_hall, corexii_hall_statues_l,
          supply_closet_lemuel
D:2:      layout_rooms, basic_altar, uniq_sigmund

Skill      XL: |  1  2  3 |
---------------+----------+-----
Unarmed Combat | 3 |  3.0
Fighting       | |  3.4
Armour         | |  3.0
Shields        | |  3.4

Action                     || total
---------------------------++-------
  Melee: Unarmed           ||   123
    Use: Potion            ||     1
 Armour: Scale mail        ||   108
  Dodge: Dodged            ||    48
  Block: Buckler           ||    31

Table legend: (Time is in decaauts)
 A = Elapsed time spent in this place.
 B = Non-inter-level travel time spent in this place.
 C = Inter-level travel time spent in this place.
 D = Time resting spent in this place.
 E = Time spent auto-exploring this place.
 F = Levels seen in this place.
 G = Mean time per level.
                   A        B        C        D        E       F      G
               +--------+--------+--------+--------+--------+-----+--------+
         Total |    946 |    906 |     40 |     13 |    602 |   2 |  473.0 |
       Dungeon |    946 |    906 |     40 |     13 |    602 |   2 |  473.0 |
               +--------+--------+--------+--------+--------+-----+--------+

Top non-repeatable levels by time:
     D:1: 877 daAuts
     D:2: 69 daAuts
